 Dungeon Crawl Stone Soup version 0.30-a0-335-ge5acde7520 (webtiles) character file.

Game seed: 14476695336026032459

44 bande the Trooper (level 3, -3/33 HPs)
             Began as a Hill Orc Fighter on Oct 30, 2022.
             Succumbed to a goblin's poison
             ... on level 2 of the Dungeon.
             The game lasted 00:03:31 (1682 turns).

bande the Trooper (Hill Orc Fighter)                Turns: 1682, Time: 00:03:31

Health: -3/33      AC:  8    Str: 18    XL:     3   Next: 62%
Magic:  3/3        EV:  9    Int:  8    God:
Gold:   109        SH:  4    Dex: 12    Spells: 2/2 levels left

rFire   . . .      SeeInvis .    a - +0 war axe
rCold   . . .      Faith    .    c - +0 buckler
rNeg    . . .      Spirit   .    b - +0 scale mail
rPois   .          Reflect  .    (no helmet)
rElec   .          Harm     .    (no cloak)
rCorr   .          Rampage  .    p - +0 pair of gloves
Will    +....                    (no boots)
Stlth   ..........               (no amulet)
HPRegen 0.25/turn                m - ring of willpower
MPRegen 0.08/turn                (no ring)

@: lethally poisoned (-3 -> -15)
A: no striking features
a: no special abilities


You were on level 2 of the Dungeon.
You visited 1 branch of the dungeon, and saw 2 of its levels.

You collected 109 gold pieces.

Inventory:

Hand Weapons
 a - a +0 war axe (weapon)
Armour
 b - a +0 scale mail (worn)
 c - a +0 buckler (worn)
 p - a +0 pair of gloves (worn)
Jewellery
 m - a ring of willpower (left hand)
Scrolls
 e - 2 scrolls of teleportation
Potions
 d - a potion of might
 f - 2 potions of haste {unknown}
 g - a potion of heal wounds {unknown}
 h - a potion of berserk rage
 l - a potion of curing


   Skills:
 + Level 4.2 Fighting
 + Level 3.6 Axes
 + Level 3.6 Armour
 + Level 3.6 Shields


You had 2 spell levels left.
You didn't know any spells.
Your spell library contained the following spells:

 Spells                   Type           Power      Damage    Failure   Level
 Summon Forest            Summ/Tloc      0%         N/A       100%        5
 Summon Mana Viper        Hex/Summ       0%         N/A       100%        5
 Summon Cactus Giant      Summ           0%         N/A       100%        6


Dungeon Overview and Level Annotations

Branches:
Dungeon (2/15)

Altars:


Message History

A goblin comes into view. It is wielding a +2 dagger of venom.
The goblin hits you with a +3 dagger of venom.
You are poisoned.
You hit the goblin but do no damage.
You feel sick. The goblin closely misses you.
The goblin hits you but does no damage.
You are more poisoned.
You closely miss the goblin.
You feel very sick.
The goblin hits you with a +3 dagger of venom.
You closely miss the goblin.
You feel very sick. The goblin hits you but does no damage.
You are lethally poisoned!
You are too injured to fight recklessly!
You are too injured to fight recklessly!
You are too injured to fight recklessly!
You are too injured to fight recklessly!
You are too injured to fight recklessly!
You are too injured to fight recklessly!
You are too injured to fight recklessly!
You are too injured to fight recklessly!
You are too injured to fight recklessly!
You are too injured to fight recklessly!
Unknown command.
You closely miss the goblin.
You feel very sick. The goblin hits you but does no damage.
You are more poisoned.
The goblin barely misses you.
You completely miss the goblin.
* * * LOW HITPOINT WARNING * * *
You feel extremely sick. The goblin barely misses you.
Unknown command.
You slash the goblin!
You kill the goblin!
* * * LOW HITPOINT WARNING * * *
You feel very sick.
You barely miss the hobgoblin.
You die...

#.# #.# .#. #.# #.# ...
#.# #.#(# #.# #.# #.#.#
#.# ##.# #g#.# #.# #...
#g#.# #.# ##.# #@#.# #.#
#.# ##.####.#.#
#.#####..
.......!#.######.......#
##.#####..........####.#
#.#.####.#.# #.# #.#.#
#.#.# #.# #.#.# #...#
#.. #.#####.#.# #.#.##
### #.......#.##
#....#####


You could see a hobgoblin and a goblin.

Vanquished Creatures
  An adder (D:2)
  A worm (D:2)
  2 dart slugs (D:1)
  3 ball pythons (D:1)
  2 endoplasms
  A giant cockroach (D:2)
  2 goblins
  2 hobgoblins (D:1)
  4 jackals (D:1)
  4 bats (D:2)
  2 frilled lizards
  2 kobolds (D:1)
  2 rats (D:1)
28 creatures vanquished.

Notes
Turn   | Place    | Note
-------+----------+-------------------------------------------
     0 | D:1      | bande the Hill Orc Fighter began the quest for the Orb.
     0 | D:1      | Reached XP level 1. HP: 19/19 MP: 1/1
   241 | D:1      | Reached XP level 2. HP: 22/27 MP: 2/2
   394 | D:1      | You fall into a shaft and drop 1 floor!
   455 | D:2      | Reached skill level 4 in Fighting
   544 | D:1      | Reached XP level 3. HP: 33/33 MP: 3/3
  1470 | D:2      | Identified the +0 kite shield of Qaasmic {Contam Int+9
                  | Slay-5 Stlth+}
  1681 | D:2      | HP: 1/33 [poisoned by a goblin]
  1682 | D:2      | Succumbed to a goblin's poison

Illustrated notes

Levels and vault maps discovered:
D:1:      spicycebolla_arrival_risky_transporter, layout_basic, serial_aquarium,
          aquarium_bridge_straight [aquarium_subvault_bridge,
          aquarium_subvault_wall, aquarium_subvault_bridge,
          aquarium_subvault_balcony], aquarium_bridge_long_joined
          [aquarium_subvault_bridge, aquarium_subvault_window,
          aquarium_subvault_bridge, aquarium_subvault_bridge,
          aquarium_subvault_bridge, aquarium_subvault_balcony],
          aquarium_window_2, aquarium_window_fake, aquarium_window_1,
          aquarium_view_2c, kennysheep_doodads, minmay_misc_feat_four_crosses
D:2:      layout_loops_ring, nicolae_hexahallways, uniq_robin

Skill      XL: |  1  2 |
---------------+-------+-----
Axes           | 3 |  3.6
Fighting       | 4 |  4.2
Armour         | |  3.6
Shields        | |  3.6

Action                   || total
-------------------------++-------
Melee: War axe           ||   104
  Use: Scroll            ||     9
Armor: Scale mail        ||    82
Dodge: Dodged            ||    63
Block: Buckler           ||    29

Table legend: (Time is in decaauts)
 A = Elapsed time spent in this place.
 B = Non-inter-level travel time spent in this place.
 C = Inter-level travel time spent in this place.
 D = Time resting spent in this place.
 E = Time spent auto-exploring this place.
 F = Levels seen in this place.
 G = Mean time per level.
                   A        B        C        D        E       F      G
               +--------+--------+--------+--------+--------+-----+--------+
         Total |   1720 |   1576 |    144 |      0 |   1223 |   2 |  860.0 |
       Dungeon |   1720 |   1576 |    144 |      0 |   1223 |   2 |  860.0 |
               +--------+--------+--------+--------+--------+-----+--------+

Top non-repeatable levels by time:
     D:1: 945 daAuts
     D:2: 774 daAuts
